Map: Prion Terraces

Players

AcerBly (Bly)

  • Race: Zerg Zerg

iGXiGua (XiGua) - Winner!

  • Race: Zerg Zerg

Event: NationWars III

VOD

Have the link to the VOD?

Description

Time

  • Played on: Dec. 3, 2015, 4:48 p.m.
  • Length: 14:23

All games in this series

Show
View Real Time Build Order
Export as new Build Order

AcerBly Zerg 

Build Orders: Pool First 

Get SALT Encoding   

  12  0:01  Drone  
  13  0:11  Drone  
  14  0:14  Extractor  
  13  0:27  Spawning Pool  
  12  0:32  Drone  
  13  0:39  Drone  
  14  0:46  Extractor  
  13  0:50  Drone  
  13  0:55  Overlord  
  15  1:15  Metabolic Boost, Queen  
  17  1:20  Zergling x2  
  17  1:24  Zergling x2  
  19  1:27  Zergling x2  
  19  1:32  Zergling x2  
  21  1:55  Hatchery  
  20  2:02  Overlord  
  20  2:06  Zergling x2  
  21  2:10  Zergling x2  
  22  2:25  Zergling x6  
  22  2:26  Zergling x2  
  26  2:35  Zergling x2  
  27  2:39  Queen  
  29  3:02  Zergling x2  
  29  3:04  Overlord  
  28  3:19  Zergling x2  
  27  3:20  Zergling x8  
  27  3:28  Zergling x4  
  27  3:34  Zergling x2  
  29  3:39  Drone  
  30  3:46  Drone  
  31  3:50  Drone x4  
  35  3:57  Overlord  
  34  4:03  Zergling x2  
  34  4:09  Baneling Nest  
  33  4:13  Zergling x4  
  33  4:19  Zergling x2  
  33  4:20  Zergling x4  
  36  4:30  Zergling x6  
  25  4:53  Zergling x14  
  25  4:58  Baneling x2  
  25  4:59  Baneling x2  
  31  5:05  Zergling x2  
  23  5:22  Zergling x8, Baneling  
  26  5:31  Zergling x4  
  27  5:36  Spine Crawler  
  27  5:38  Baneling x2  
  26  5:57  Queen  
  22  6:00  Drone x2  
  22  6:02  Drone  
  25  6:07  Drone  
  26  6:14  Drone x2  
  28  6:22  Drone x2  
  30  6:29  Queen  
  32  6:41  Zergling x6  
  35  6:48  Queen  
  37  6:58  Drone x5  
  37  7:00  Baneling  
  42  7:01  Baneling  
  42  7:04  Baneling  
  42  7:14  Drone, Extractor  
  42  7:15  Roach Warren  
  40  7:32  Drone x6  
  45  7:58  Roach x3  
  50  7:59  Overlord x2  
  50  8:10  Hatchery  
  49  8:22  Roach x8  
  49  8:26  Extractor  
  64  8:34  Overlord  
  64  8:38  Ravager x3  
  67  8:43  Overlord x3  
  60  9:06  Roach x7  
  67  9:23  Ravager x4  
  70  9:28  Zergling x4  
  72  9:37  Hatchery  
  71  9:44  Drone x5  
  71  9:45  Drone x2  
  78  9:51  Overlord  
  78  9:54  Overlord  
  78  10:01  Overlord  
  78  10:09  Overlord x2  
  78  10:17  Baneling x2  
  78  10:20  Roach x4  
  86  10:22  Overlord  
  86  10:28  Extractor  
  85  10:34  Roach x3  
  91  10:35  Overlord  
  90  10:43  Baneling x2  
  90  10:46  Roach x3  
  96  10:54  Evolution Chamber  
  95  11:04  Lair  
  95  11:07  Drone x4  
  98  11:16  Overlord  
  98  11:25  Drone x2  
  100  11:34  Ravager x5  
  100  11:35  Ravager x2  
  107  11:46  Queen  
  109  12:01  Roach  
  109  12:02  Roach x9  
  109  12:06  Overlord  
  129  12:09  Glial Reconstitution  
  129  12:11  Overlord  
  129  12:17  Overlord  
  129  12:18  Overseer  
  129  12:25  Overlord  
  129  12:26  Overlord  
  129  12:29  Roach  
  135  12:30  Roach x2  
  131  12:48  Roach x5  
  131  12:50  Roach x4  
  82  13:43  Extractor  
  79  13:53  Extractor  
Show
View Real Time Build Order
Export as new Build Order

iGXiGua Zerg - Winner!

Build Orders: Hatch First 

Get SALT Encoding   

  12  0:01  Drone  
  13  0:08  Drone  
  14  0:18  Overlord  
  14  0:23  Extractor  
  14  0:24  Drone  
  15  0:36  Drone x2  
  17  0:52  Hatchery  
  17  0:55  Drone  
  17  1:00  Drone  
  17  1:03  Extractor  
  17  1:13  Spawning Pool  
  17  1:16  Drone  
  17  1:20  Drone  
  18  1:30  Drone  
  19  1:38  Overlord  
  19  2:00  Zergling x4, Queen  
  23  2:05  Metabolic Boost  
  23  2:06  Queen  
  23  2:07  Zergling x2  
  26  2:12  Zergling x2  
  27  2:23  Zergling x4  
  27  2:26  Spine Crawler  
  27  2:27  Zergling x2  
  29  2:31  Overlord  
  29  2:41  Queen  
  31  2:46  Zergling x4  
  31  2:57  Zergling x4  
  32  3:00  Zergling x2  
  32  3:03  Overlord  
  33  3:11  Zergling x6  
  33  3:18  Zergling x4  
  32  3:21  Zergling x2  
  32  3:25  Zergling x2  
  28  3:36  Baneling Nest  
  27  3:41  Zergling x2  
  27  3:42  Zergling x6  
  31  3:49  Zergling x4  
  31  3:53  Zergling x2  
  33  4:03  Zergling x6  
  33  4:09  Zergling x4  
  38  4:16  Zergling x4  
  38  4:19  Zergling x2  
  38  4:22  Baneling x2  
  39  4:25  Zergling x2  
  39  4:30  Zergling x4  
  41  4:36  Baneling  
  41  4:40  Zergling x4  
  41  4:48  Zergling x4  
  41  4:50  Zergling x2  
  40  4:54  Zergling x4  
  42  5:02  Drone  
  42  5:05  Drone  
  43  5:08  Drone  
  39  5:18  Drone x2  
  39  5:19  Drone  
  34  5:21  Baneling x2  
  34  5:23  Drone x2  
  34  5:27  Drone  
  37  5:34  Drone x2  
  37  5:35  Drone  
  37  5:42  Drone  
  39  5:48  Overlord  
  39  5:49  Overlord  
  36  5:57  Zergling x4  
  36  5:58  Overlord  
  36  6:01  Drone, Zergling x2  
  39  6:06  Zergling x4  
  39  6:07  Zergling x2  
  42  6:11  Zergling x2  
  42  6:15  Zergling x2  
  42  6:16  Zergling x4  
  42  6:17  Baneling x2  
  42  6:18  Baneling  
  45  6:25  Baneling x2  
  45  6:29  Drone x3  
  45  6:31  Extractor  
  45  6:32  Drone  
  48  6:33  Drone x2  
  48  6:37  Drone  
  48  6:39  Drone  
  51  6:41  Overlord  
  51  6:49  Drone  
  51  6:51  Roach Warren  
  51  6:53  Drone  
  51  6:54  Drone x2  
  52  6:57  Extractor  
  51  7:04  Drone  
  51  7:07  Overlord  
  50  7:16  Hatchery  
  49  7:23  Zergling x16  
  57  7:30  Baneling x4  
  57  7:32  Roach x2  
  57  7:36  Roach  
  63  7:37  Roach  
  64  7:46  Roach  
  64  7:51  Roach x5  
  76  7:54  Roach  
  76  7:55  Extractor  
  78  7:58  Roach  
  78  8:01  Roach  
  78  8:04  Overlord  
  80  8:10  Overlord  
  80  8:15  Overlord  
  80  8:19  Overlord  
  80  8:20  Overlord  
  80  8:21  Overlord  
  80  8:24  Queen  
  81  8:28  Baneling x3  
  81  8:29  Baneling x2  
  81  8:32  Baneling x2  
  81  8:37  Roach  
  81  8:38  Roach  
  85  8:41  Roach  
  85  8:44  Roach  
  85  8:47  Baneling x2  
  89  8:54  Roach x2  
  93  8:59  Roach  
  93  9:02  Roach, Zergling x2  
  85  9:05  Roach, Zergling x4  
  85  9:08  Roach  
  81  9:13  Drone x3  
  82  9:20  Lair  
  82  9:22  Roach  
  84  9:27  Drone x3  
  84  9:30  Overlord  
  87  9:36  Queen  
  89  9:41  Roach x2  
  89  9:43  Drone  
  89  9:45  Drone x2  
  96  9:48  Drone x2  
  97  9:55  Evolution Chamber, Drone  
  97  9:59  Roach x2  
  103  10:00  Ravager x2, Roach  
  103  10:05  Ravager  
  103  10:06  Extractor  
  105  10:07  Extractor  
  105  10:11  Drone x2  
  105  10:12  Drone  
  105  10:13  Drone, Overlord x2  
  108  10:19  Ravager  
  109  10:23  Baneling x3  
  109  10:30  Overlord  
  109  10:40  Zerg Missile Weapons Level 1  
  109  10:42  Hatchery  
  100  10:48  Drone x3  
  101  10:51  Roach x6  
  113  10:57  Glial Reconstitution  
  113  11:01  Roach  
  113  11:02  Roach  
  117  11:04  Roach  
  119  11:11  Roach  
  119  11:12  Roach x2  
  119  11:14  Drone x2  
  119  11:16  Overseer  
  127  11:21  Roach x2  
  131  11:26  Roach  
  131  11:28  Ravager x2  
  131  11:31  Roach x2  
  139  11:37  Roach x3  
  145  11:44  Drone x3  
  148  11:50  Roach x3  
  148  11:52  Overlord  
  154  11:58  Ravager x3  
  157  12:01  Overlord  
  157  12:05  Roach  
  159  12:12  Overlord x3  
  159  12:19  Overlord  
  159  12:20  Ravager  
  160  12:24  Roach x3  
  160  12:29  Baneling x3  
  168  12:36  Roach  
  186  12:37  Roach x8  
  186  12:40  Roach  
  186  12:43  Roach x2  
  181  12:48  Roach x2  
  180  12:52  Roach x2  
  180  12:56  Roach  
  178  12:59  Roach  
  178  13:01  Roach  
  174  13:14  Roach x2  
  163  13:37  Roach x2  
  169  13:46  Roach  
  140  13:56  Roach  
  140  14:02  Roach  
Tags
 
Add a new tag
Caveats
  • Supply blocks, unpowered buildings, or Contaminate may cause inaccurate times.
  • Supply counts are checked every 10 seconds.